 Dungeon Crawl Stone Soup version 0.23.2-33-g5129a83184 (webtiles) character file.

Game seed: 3382351069802681

2262 BorisKarlOrff the Covert (level 9, -2/61 HPs)
             Began as an Octopode Assassin on June 29, 2019.
             Slain by an ice beast (3 damage)
             ... on level 7 of the Dungeon.
             The game lasted 00:21:02 (6072 turns).

BorisKarlOrff the Covert (Octopode Assassin)        Turns: 6072, Time: 00:21:04

Health: -2/61      AC:  1    Str: 16    XL:     9   Next: 38%
Magic:  18/18      EV: 15    Int: 13    God:
Gold:   224        SH:  7    Dex: 16    Spells: 8/8 levels left

rFire    . . .     SeeInvis .   a - +4 dagger (venom)
rCold    . . .     Gourm    .   q - +3 buckler
rNeg     . . .     Faith    .   (helmet restricted)
rPois    .         Spirit   .   n - amulet of regeneration
rElec    .         Reflect  .   e - ring of magical power
rCorr    .         Harm     .   (no ring)
MR       .....     Rnd*Tele +   (no ring)
Stlth    +++++.....             (no ring)
HPRegen  0.60/turn              (no ring)
MPRegen  0.16/turn              (no ring)
                                (no ring)
                                (no ring)

@: mighty, lethally poisoned (-2 -> -3)
A: almost no armour, stealthy swim, amphibious, 8 rings, constrict 8, tentacle
spike 1, camouflage 1, sense surroundings 1, teleportitis 1, gelatinous body 1,
MP-powered wands
a: no special abilities


You were on level 7 of the Dungeon.
You were not hungry.

You visited 1 branch of the dungeon, and saw 7 of its levels.
You also visited: Ossuary.

You collected 224 gold pieces.

Inventory:

Hand Weapons
 a - a +4 dagger of venom (weapon)
 b - a +0 blowgun
Missiles
 c - 25 poisoned needles
 d - 2 curare-tipped needles
Armour
 q - a +3 buckler (worn)
Jewellery
 e - a ring of magical power (left tentacle)
 n - an amulet of regeneration (around mantle)
 w - a cursed ring of teleportation {unknown}
Wands
 f - a wand of polymorph (9)
 k - a wand of acid (19)
Scrolls
 j - a scroll of fear
 o - 8 scrolls of remove curse
 p - a scroll of teleportation
 x - a scroll of enchant armour
 A - 2 scrolls of amnesia
Potions
 g - 2 potions of agility
 h - 3 potions of brilliance
 i - a potion of cancellation
 l - a potion of lignification
 m - 4 potions of flight
 r - a potion of haste {unknown}
 s - 2 potions of heal wounds {unknown}
 u - a potion of curing
 v - a potion of might
 z - a potion of ambrosia
Comestibles
 t - 3 rations


   Skills:
 + Level 5.4 Fighting
 + Level 7.5 Short Blades
 + Level 4.7 Throwing
 + Level 3.8 Dodging
 + Level 9.5 Stealth
 + Level 1.8 Shields


You had 8 spell levels left.
You didn't know any spells.
Your spell library was empty.

Dungeon Overview and Level Annotations

Branches:
Dungeon (7/15)
 Temple: D:4-7

Altars:
Trog


Innate Abilities, Weirdness & Mutations

You cannot wear most types of armour.
You are very stealthy in the water. (Stealth+)
You are amphibious.
You can wear up to eight rings at the same time.
You can use your tentacles to constrict eight enemies at once.
Your skin changes colour to match your surroundings (Stealth+).
Your rubbery body absorbs attacks. (AC +1, EV +1)
One of your tentacles bears a spike.
You passively map a small area around you.
You are occasionally teleported next to monsters.
You expend magic power (3 MP) to strengthen your wands.


Message History

* * * LOW HITPOINT WARNING * * *
You hit the killer bee but do no damage.
The killer bee is poisoned.
Your grab misses the killer bee.
Your tentacle spike misses the killer bee.
The killer bee is moderately wounded.
You block the killer bee's attack. The killer bee stings you.
* * * LOW HITPOINT WARNING * * *
You feel better. The killer bee completely misses you.
You block the killer bee's attack. The ice beast hits you.
The ice beast freezes you!
* * * LOW HITPOINT WARNING * * *
The killer bee closely misses you. x2
You feel very mighty all of a sudden. The killer bee stings you!
* * * LOW HITPOINT WARNING * * *
The killer bee stings you.
* * * LOW HITPOINT WARNING * * *
You are lethally poisoned!
The killer bee poisons you! The killer bee misses you. The ice beast hits you.
You die...

, * #.(## * ....# ,,
...## * * , , .:..# ,
* * * *#...## #....#
###.......#
#....###...........
##yYy...............
##..@##...#.Y........
##..### * ...........
#### ##..##
,........... ...##
##..## * ...........
....### ##..##
,..........#
......###..##
..........#
<.........##
*,,.........##
##........# *
...........
##......## **
...........


You could see an ice beast and 2 killer bees.

Vanquished Creatures
  A hungry ghost (D:7)
  An eye of draining (D:3)
  An orc warrior (D:6)
  An ice beast (D:7)
  An ogre (D:4)
  2 centaurs
  2 bullfrogs (D:7)
  A water moccasin zombie (Ossuary)
  A scorpion (D:7)
  2 killer bees (D:7)
  A howler monkey (D:5)
  5 bullfrog zombies
  2 crimson imps (D:5)
  4 centaur zombies
  A quasit (D:5)
  A hound (D:5)
  3 orc priests
  2 orc wizards (D:5)
  2 centaur skeletons
  15 mummies (Ossuary)
  4 worker ants (D:4)
  2 killer bee zombies (Ossuary)
  A hound zombie (Ossuary)
  A worker ant zombie (D:6)
  4 gnolls (D:5)
  4 adders
  A shadow imp (D:5)
  2 oozes
  An adder zombie (Ossuary)
  2 adder skeletons (D:4)
  4 worms
  3 dart slugs
  4 leopard geckos
  20 orcs
  A ball python (D:7)
  4 giant cockroaches
  12 goblins
  9 hobgoblins
  10 jackals
  9 kobolds
  2 quokkas
  9 bats
  6 frilled lizards
  2 giant cockroach zombies
  2 leopard gecko zombies (Ossuary)
  A quokka zombie (Ossuary)
  5 rats
174 creatures vanquished.

Notes
Turn   | Place    | Note
-------+----------+-------------------------------------------
     0 | D:1      | BorisKarlOrff the Octopode Assassin began the quest for the
                  | Orb.
     0 | D:1      | Reached XP level 1. HP: 14/14 MP: 1/1
    57 | D:1      | Reached XP level 2. HP: 19/19 MP: 2/2
   145 | D:1      | Reached XP level 3. HP: 12/24 MP: 3/3
   151 | D:1      | Reached skill level 6 in Stealth
  1381 | D:2      | Reached XP level 4. HP: 13/29 MP: 4/4
  2471 | D:4      | Reached XP level 5. HP: 33/35 MP: 5/5
  2502 | D:3      | Noticed an eye of draining
  2513 | D:3      | Killed an eye of draining
  2513 | D:3      | Reached skill level 7 in Stealth
  2755 | D:4      | Reached XP level 6. HP: 36/41 MP: 6/6
  3321 | D:4      | Gained mutation: One of your tentacles bears a spike.
                  | [potion of mutation]
  3321 | D:4      | Gained mutation: You expend magic power (3 MP) to
                  | strengthen your wands. [potion of mutation]
  3321 | D:4      | Gained mutation: You are occasionally teleported next to
                  | monsters. [potion of mutation]
  3321 | D:4      | Gained mutation: You passively map a small area around you.
                  | [potion of mutation]
  3570 | D:4      | Reached XP level 7. HP: 36/46 MP: 7/7
  3666 | D:5      | Entered Level 5 of the Dungeon
  3967 | D:5      | Reached skill level 5 in Short Blades
  4001 | D:5      | Found a bloodstained altar of Trog.
  4023 | D:5      | Reached XP level 8. HP: 52/54 MP: 8/8
  4027 | D:5      | Reached skill level 8 in Stealth
  4840 | D:6      | Found a sand-covered staircase.
  4878 | Ossuary  | Entered an ossuary
  4987 | Ossuary  | Reached skill level 1 in Shields
  5714 | D:7      | Reached skill level 5 in Fighting
  5714 | D:7      | Reached skill level 9 in Stealth
  5714 | D:7      | Reached XP level 9. HP: 61/61 MP: 9/9
  6072 | D:7      | HP: 2/61 [killer bee (8)]
  6072 | D:7      | Slain by an ice beast

Skill      XL: |  1  2  3  4  5  6  7  8  9 |
---------------+----------------------------+-----
Stealth        | 6 7 9 |  9.5
Short Blades   | 3 4 5 6 7 |  7.5
Throwing       | 3 4 |  4.7
Dodging        | 2 3 |  3.8
Fighting       | 3 4 5 |  5.4
Shields        | 1 |  1.8

Action                   |  1- 3 |  4- 6 |  7- 9 || total
-------------------------+-------+-------+-------++-------
Melee: Dagger            |    76 |    93 |   252 ||   421
       Constrict         |    20 |    23 |    53 ||    96
       Tentacles         |     9 |    20 |    73 ||   102
       Blowgun           |       |     2 |       ||     2
       Kick              |       |     3 |    88 ||    91
 Fire: Blowgun           |     3 |    32 |     4 ||    39
  Use: Scroll            |     6 |     2 |    14 ||    22
       Potion            |       |     1 |     4 ||     5
 Stab: Sleeping          |    11 |     9 |     8 ||    28
       Distracted        |       |       |     3 ||     3
  Eat: Ration            |     1 |     2 |     3 ||     6
Armor: Skin              |     9 |     4 |     9 ||    22
Dodge: Dodged            |    46 |    57 |   122 ||   225
Block: Buckler           |       |     1 |    39 ||    40
